 Dungeon Crawl Stone Soup version 0.25-a0-829-g4e6a552925 (webtiles) character file.

Game seed: 10592511762385082062, levelgen mode: deterministic

611 Maedhros the Sneak (level 7, -1/43 HPs)
             Began as an Octopode Artificer on Apr 21, 2020.
             Slain by an orc
             ... wielding a cursed -1 club
              (3 damage)
             ... on level 6 of the Dungeon.
             The game lasted 00:08:35 (1051 turns).

Maedhros the Sneak (Octopode Artificer)             Turns: 1051, Time: 00:08:35

Health: -1/43      AC:  1    Str: 11    XL:     7   Next: 44%
Magic:  10/10      EV: 13    Int: 13    God:
Gold:   98         SH:  0    Dex: 15    Spells: 6/6 levels left

rFire    . . .     SeeInvis .   a - +0 short sword
rCold    . . .     Gourm    .   (no shield)
rNeg     + . .     Faith    .   (helmet restricted)
rPois    .         Spirit   .   (no amulet)
rElec    .         Reflect  .   d - ring of positive energy
rCorr    .         Harm     .   (no ring)
MR       .....                  (no ring)
Stlth    ++++......             (no ring)
HPRegen  0.14/turn              (no ring)
MPRegen  0.12/turn              (no ring)
                                (no ring)
                                (no ring)

@: no status effects
A: almost no armour, stealthy swim, amphibious, 8 rings, constrict 8, camouflage
1, gelatinous body 1
a: no special abilities


You were on level 6 of the Dungeon.
You were hungry.

You visited 1 branch of the dungeon, and saw 5 of its levels.

You collected 98 gold pieces.

Inventory:

Hand Weapons
 a - a +0 short sword (weapon)
 g - a +4 whip of electrocution
Missiles
 h - 6 curare-tipped darts
 m - 8 boomerangs (quivered)
Armour
 o - a +2 kite shield
Jewellery
 d - a ring of positive energy (left tentacle)
Scrolls
 b - a scroll of blinking {unknown}
 e - a scroll of fear
 i - a scroll of noise {unknown}
 j - 2 scrolls of remove curse {unknown}
 l - 6 scrolls of identify {unknown}
Potions
 c - a potion of brilliance {unknown}
 k - 2 potions of degeneration {unknown}
 n - a potion of stabbing {unknown}
Comestibles
 f - 7 rations


   Skills:
 - Level 1.0 Fighting
 - Level 1.0 Short Blades
 - Level 2.0 Dodging
 + Level 5.6 Stealth
 * Level 5.4 Unarmed Combat
   Level 5.2 Evocations


You had 6 spell levels left.
You didn't know any spells.
Your spell library was empty.

Dungeon Overview and Level Annotations

Branches:
Dungeon (6/15)             Temple (0/1) D:5

Altars:
Fedhas
Gozag
Qazlal
Beogh

Annotations:
D:4 3 runed translucent doors, Blork the orc; wts's ghost, amateur GrMo


Innate Abilities, Weirdness & Mutations

You cannot wear most types of armour.
You are very stealthy in the water. (Stealth+)
You are amphibious.
You can wear up to eight rings at the same time.
You can use your tentacles to constrict eight enemies at once.
Your skin changes colour to match your surroundings (Stealth+).
Your rubbery body absorbs attacks. (AC +1, EV +1)


Message History

You are feeling hungry.
You feel sick.
You feel sick.
An orc comes into view. It is wielding a -1 club.
You feel sick.
You are no longer poisoned.
The orc shouts!
The orc barely misses you.
You closely miss the orc. Your grab misses the orc.
The orc hits you with a cursed -1 club.
* * * LOW HITPOINT WARNING * * *
You hit the orc but do no damage. Your grab misses the orc.
You squeeze the orc.
The orc is heavily wounded.
The orc hits you with a cursed -1 club.
* * * LOW HITPOINT WARNING * * *
You hit the orc but do no damage. Your grab misses the orc.
The orc is heavily wounded.
The orc hits you with a cursed -1 club.
You die...

##############
#>...........#
#.##########.#
#.# #.##
####.# ##...
#....# #....
#.#### #....
#@# #....
#..o.......
##...
....#.######.
#..# ######.#
#..# #.# #..#
..# #..# ###
#... ##.#


You could see an orc.

Vanquished Creatures
  A water moccasin (D:4)
  Duvessa (D:4)
  A scorpion (D:4)
  A crimson imp (D:5)
  2 hounds (D:4)
  2 orc priests (D:4)
  2 orc wizards
  An iguana (D:6)
  3 worker ants
  A hound skeleton (D:4)
  2 oozes (D:4)
  3 adders (D:4)
  An adder skeleton (D:4)
  2 dart slugs (D:1)
  2 leopard geckos
  4 orcs
  2 giant cockroaches
  3 goblins
  2 hobgoblins (D:1)
  6 jackals
  A ball python (D:1)
  2 frilled lizards (D:1)
  A giant cockroach zombie (D:5)
  A kobold (D:2)
  2 quokka skeletons (D:4)
49 creatures vanquished.

Vanquished Creatures (collateral kills)
  Dowan (D:4)
  2 adders (D:4)
  5 orcs (D:4)
  2 jackals (D:4)
10 creatures vanquished.

Vanquished Creatures (others)
  An orc wizard (D:4)
  An adder (D:4)
2 creatures vanquished.

Grand Total: 61 creatures vanquished

Notes
Turn   | Place    | Note
-------+----------+-------------------------------------------
     0 | D:1      | Maedhros the Octopode Artificer began the quest for the
                  | Orb.
     0 | D:1      | Reached XP level 1. HP: 13/13 MP: 3/3
    44 | D:1      | Reached skill level 1 in Unarmed Combat
    44 | D:1      | Reached XP level 2. HP: 12/18 MP: 4/4
   244 | D:2      | Found a stormy altar of Qazlal.
   247 | D:2      | Found a blossoming altar of Fedhas.
   265 | D:2      | You fall into a shaft and drop 2 floors!
   272 | D:4      | Reached XP level 3. HP: 14/23 MP: 5/5
   304 | D:4      | Reached XP level 4. HP: 16/28 MP: 6/6
   352 | D:4      | Reached XP level 5. HP: 23/33 MP: 6/8
   410 | D:4      | Noticed a water moccasin
   431 | D:4      | Killed a water moccasin
   451 | D:4      | Noticed Duvessa
   455 | D:4      | Noticed Dowan
   474 | D:4      | HP: 1/33 [Duvessa/+0 short sword (4)]
   475 | D:4      | Killed Dowan
   476 | D:4      | Reached XP level 6. HP: 2/38 MP: 9/9
   519 | D:4      | Killed Duvessa
   632 | D:4      | Noticed Blork the orc
   655 | D:4      | Found a runed translucent gate.
   655 | D:4      | Found a runed translucent gate.
   657 | D:4      | Found a runed translucent gate.
   658 | D:4      | Noticed wts's ghost (amateur GrMo)
   662 | D:4      | Found a roughly hewn altar of Beogh.
   681 | D:4      | Reached skill level 5 in Stealth
   681 | D:4      | Reached skill level 5 in Evocations
   683 | D:4      | Reached XP level 7. HP: 6/43 MP: 10/10
   719 | D:4      | Found an opulent altar of Gozag.
   771 | D:5      | Entered Level 5 of the Dungeon
   772 | D:5      | Reached skill level 5 in Unarmed Combat
   845 | D:5      | Noticed a hippogriff
   953 | D:5      | Found a staircase to the Ecumenical Temple.
  1050 | D:6      | HP: 2/43 [orc/cursed -1 club (3)]
  1051 | D:6      | Slain by an orc

Levels and vault maps discovered:
D:1:      dpeg_arrival_ternary, layout_loops_ring
D:2:      layout_basic, grunt_temple_overflow_forces_of_nature, first_ration,
          hangedman_decor_push, kennysheep_generic_room_14, uniq_robin
D:4:      layout_rooms, lemuel_coloured_pillars_altar,
          biasface_ghost_orc_armoury, uniq_blork_the_orc, uniq_duvessa
D:5:      layout_basic, minmay_temple_entry_ruins, serial_shops, shop,
          kennysheep_generic_room_9
D:6:      layout_loops_ring, grunt_dithmenos_smoke, hangedman_decor_slide_cut

Skill      XL: |  1  2  3  4  5  6  7 |
---------------+----------------------+-----
Unarmed Combat | 1 2 3 4 5 |  5.4
Stealth        | 2 3 4 5 |  5.6
Evocations     | 4 5 |  5.2
Fighting       | |  1.0
Short Blades   | |  1.0
Dodging        | |  2.0

Action                   |  1- 3 |  4- 6 |  7- 9 || total
-------------------------+-------+-------+-------++-------
Melee: Short sword       |    35 |    18 |    23 ||    76
       Constrict         |    10 |     3 |     6 ||    19
       Tentacles         |     6 |     3 |     7 ||    16
       Punch             |       |       |     2 ||     2
Evoke: Wand              |     1 |    62 |     6 ||    69
  Use: Scroll            |       |     3 |       ||     3
 Stab: Sleeping          |     1 |       |     6 ||     7
       Paralysed         |       |       |     1 ||     1
Armor: Skin              |     3 |     2 |     2 ||     7
Dodge: Dodged            |    19 |    14 |    11 ||    44

Table legend:
 A = Non-vault XP
 B = Vault XP
 C = Vault XP percentage of total XP
 D = Non-vault monster count
 E = Vault monster count
 F = Vault count percentage of total count
                 A         B        C        D         E       F
            +---------+---------+-------+---------+---------+-------
      Total |     767 |     107 |  12.2 |      57 |       2 |   3.4
            +---------+---------+-------+---------+---------+-------
        D:1 |      23 |       0 |   0.0 |      11 |       0 |   0.0
        D:2 |       7 |       0 |   0.0 |       4 |       0 |   0.0
        D:4 |     536 |     107 |  16.6 |      31 |       2 |   6.1
        D:5 |     132 |       0 |   0.0 |       9 |       0 |   0.0
        D:6 |      69 |       0 |   0.0 |       2 |       0 |   0.0
            +---------+---------+-------+---------+---------+-------
